 Dungeon Crawl Stone Soup version 0.30-a0-219-gf2db51d15e (webtiles) character file.

Game seed: 14996679452279696491

13162 scionoferis the Carver (level 12, 0/74 HPs)
             Began as a Djinni Reaver on Oct 6, 2022.
             Was a Believer of Elyvilon.
             Slain by a boulder beetle (8 damage)
             ... on level 11 of the Dungeon.
             The game lasted 00:44:28 (9727 turns).

scionoferis the Carver (Djinni Reaver)              Turns: 9727, Time: 00:44:28

Health: 0/74       AC: 12    Str:  9 (11) XL:     12   Next: 29%
Gold:   684        EV: 13    Int: 16 (19) God:    Elyvilon [**....] SH:  0 Dex: 21 (22)

rFire   + + .      SeeInvis +    a - +4 scimitar (holy)
rCold   . . .      Faith    .    (no shield)
rNeg    . . .      Spirit   .    S - +5 robe of Night {Dark Will+ SInv}
rPois   ∞          Reflect  .    w - +0 hat "Jajapuw" {Dex+3}
rElec   .          Harm     .    E - +0 cloak
rCorr   .          Rampage  .    d - +2 pair of gloves
Will    ++...                    (boots unavailable)
Stlth   +.........               v - amulet of regeneration
HPRegen 1.12/turn                g - ring of protection from cold
MPRegen 0.00/turn                e - +6 ring of dexterity

@: silenced, flying
A: sickness immunity, fire resistance 2, cold vulnerability 1, float, innate
caster, HP casting, extra vitality 1
a: Renounce Religion


You were on level 11 of the Dungeon.
You worshipped Elyvilon.
Elyvilon was pleased with you.
You visited 2 branches of the dungeon, and saw 12 of its levels.
You also visited: Bailey.

You collected 684 gold pieces.

Inventory:

Hand Weapons
 a - a +4 scimitar of holy wrath (weapon)
 b - the +6 shortbow "Pendulum" {venom, rF+}
   (You found it in a bailey)

   Any ammunition fired from it poisons the flesh of those it strikes.
   rF:        It protects you from fire.
Missiles
 f - 53 poisoned darts (quivered)
 k - 4 atropa-tipped darts
 l - 11 curare-tipped darts
 u - 4 datura-tipped darts
 O - 19 boomerangs
Armour
 d - a +2 pair of gloves (worn)
 w - the +0 hat "Jajapuw" (worn) {Dex+3}
   (You acquired it on level 10 of the Dungeon)

   Dex:       It affects your dexterity (+3).
 E - a +0 cloak (worn)
 I - the +2 ring mail of Itziebil {*Corrode rElec rC++ Dex+2}
   (You found it on level 6 of the Dungeon)

   Dex:       It affects your dexterity (+2).
   rC:        It greatly protects you from cold.
   rElec:     It insulates you from electricity.
   *Corrode:  It may corrode you when you take damage.
 S - the +5 robe of Night (worn) {Dark Will+ SInv}
   (You found it on level 9 of the Dungeon)

   It shrouds the wearer in darkness, reducing the range at which they can see
   and be seen by others.
   SInv:      It lets you see invisible.
   Will:      It increases your willpower.
Jewellery
 e - a +6 ring of dexterity (right hand)
 g - a ring of protection from cold (left hand)
 j - a ring of protection from cold
 v - an amulet of regeneration (around neck)
Wands
 C - a wand of polymorph (8)
 F - a wand of roots (7)
Scrolls
 h - 4 scrolls of teleportation
 m - a scroll of magic mapping
 n - a scroll of silence
 t - 3 scrolls of noise
 x - 3 scrolls of immolation {unknown}
 y - a scroll of poison
Potions
 c - a potion of magic {unknown}
 i - 2 potions of curing
 r - 4 potions of degeneration
 s - a potion of mutation {unknown}
 z - 3 potions of might {unknown}
 H - 3 potions of invisibility {unknown}
 J - a potion of haste {unknown}
 L - a potion of resistance {unknown}
 P - a potion of berserk rage {unknown}
 Q - a potion of attraction {unknown}
 R - a potion of brilliance


   Skills:
 - Level 2.0 Fighting
 * Level 10.7 Long Blades
 + Level 7.5 Armour
 - Level 2.1 Dodging
 * Level 9.0 Spellcasting
 + Level 7.4 Invocations


You had 9 spell levels left.
You knew the following spells:

 Your Spells              Type           Power      Damage    Failure   Level
a - Kiss of Death         Conj/Necr      100%       2d13      1%          1
b - Momentum Strike       Conj/Tloc      72%        3d10      1%          2
c - Hailstorm             Conj/Ice       36%        3d9       1%          3
d - Freeze                Ice            100%       1d11      1%          1
e - Ensorcelled Hibernat  Hex/Ice        72%        N/A       1%          2
f - Teleport Other        Tloc           36%        N/A       1%          3
g - Animate Dead          Necr           36%        N/A       2%          4
h - Ice Form              Ice/Tmut       36%        N/A       2%          4
Your spell library was empty.

Dungeon Overview and Level Annotations

Branches:
Dungeon (11/15)            Temple (1/1) D:5            Lair (0/5) D:9
    Orc (0/2) D:11         Bailey (visited)

Altars:
Ashenzari
Cheibriados
Dithmenos
Elyvilon
Fedhas
Gozag
Hepliaklqana
Makhleb
Nemelex Xobeh
Okawaru
Qazlal
Ru
Trog
Uskayaw
Wu Jian
Xom
Yredelemnul
Zin
The Shining One

Shops:
D:9 [

Annotations:
D:6 Grinder


Innate Abilities, Weirdness & Mutations

You are immune to sickness and miasma.
You are immune to poison.
Your flesh is very heat resistant. (rF++)
You are vulnerable to cold. (rC-)
You float through the air rather than walking.
You learn spells naturally, not from books.
Your magical power is your life essence.
You have superior vitality. (+4 MHP)


Message History

You slash the boulder beetle!
The boulder beetle is moderately wounded.
The killer bee misses you. x2; The killer bee stings you.
The boulder beetle bites you! The killer bee closely misses you.
The killer bee stings you but does no damage.
The killer bee closely misses you.
You hit the boulder beetle but do no damage.
The boulder beetle is moderately wounded.
The killer bee closely misses you. x2; The killer bee misses you.
The boulder beetle bites you!!
* * * LOW HITPOINT WARNING * * *
The killer bee stings you but does no damage.
The killer bee closely misses you. x2
Okay, then.
Unknown command.
Unknown command.
It was a potion of degeneration.
There was something very wrong with that liquid.
You feel weakened.
You feel dopey.
You feel clumsy.
The killer bee misses you. x2; The killer bee closely misses you.
The boulder beetle bites you but does no damage.
The killer bee closely misses you. The killer bee barely misses you.
The killer bee closely misses you.
As you read the scroll labelled BORIPHEPTE, it crumbles to dust.
You feel aware of your surroundings.
You sensed 1 shop/portal.
It was a scroll of magic mapping.
The killer bee misses you. The killer bee barely misses you.
The killer bee misses you.
The boulder beetle completely misses you.
The killer bee barely misses you.
The killer bee stings you but does no damage.
An orc comes into view.
It is wielding a +0 short sword and quivering boomerangs of dispersal.
The killer bee stings you but does no damage.
Okay, then.
Unknown command.
As you read the scroll labelled QONISHEXIAG, it crumbles to dust.
A profound silence engulfs you.
It was a scroll of silence.
The killer bee closely misses you.
The killer bee stings you but does no damage. x2
The boulder beetle bites you!
You die...

,,,,,,,*,,,,,,**,,,*,******
,,,,,,**,,...........,**,,**
,,,,,,*,,.............*,,,,*
,,,,*,,,#............#,,,,,**
,,,,,,,,.............#,,**,,*
,,,,,,<,*.............,,**,,* ***
,,,,,,,,*##.....c.....,,,,,,***,*
,,,,,,,,,#....oyyy....,*,,,,,,,,,
,,,,,,,,,#...<.#@#.##<***,,,,,,,,
*,,,,,,,....)).##B....,,,,,,,,,,,
,,,,,,,,>......)......**,,,,,,,,,
*,*,,,,,.....o))......,,,,,,,,,,,
***,,,,,..............,,,,,,,*,,*
**,,,,,,..............,,,,,,,****
*,,,,,,,,,,,,,,,,,,,,,,,**,,,*
*,,,,,,,,,,,,,,,,,,,,,,,,,,,**
,,,,,,,,,,,,,,,,,>,,,,,,,*,,*


You could see a boulder beetle (unsilenced), a centaur, 3 killer bees and an
orc.

Vanquished Creatures
  The ghost of HilariousDeathArtist the Thaumaturge, a journeyman GnVM of Makhleb (D:10)
  2 two-headed ogres (D:10)
  Pikel (D:4)
  A cyclops (D:11)
  An unseen horror (D:10)
  A troll (D:9)
  Prince Ribbit (D:6)
  A dream sheep (D:9)
  2 shadows (D:9)
  Eustachio (D:4)
  23 yaks
  Duvessa (D:5)
  6 orc warriors
  2 sky beasts
  An ice beast (D:4)
  2 wolves (D:9)
  2 centaurs
  2 ogres
  3 phantoms (D:5)
  10 kobold brigands
  5 bullfrogs
  A gnoll sergeant (D:9)
  2 necrophages
  4 scorpions
  7 wights
  Dowan (D:6)
  6 killer bees
  3 howler monkeys
  4 electric eels (D:9)
  3 jellies
  2 gnoll boudas
  4 orc priests
  9 hounds
  Crazy Yiuf (D:4)
  3 iguanas
  Ijyb (D:5)
  10 orc wizards
  16 gnolls
  10 adders
  4 worms
  4 dart slugs
  29 orcs
  5 endoplasms
  6 giant cockroaches
  9 goblins
  8 hobgoblins
  4 jackals (D:2)
  32 kobolds
  4 quokkas
  7 ball pythons
  8 bats
  7 rats
283 creatures vanquished.

Vanquished Creatures (others)
  A fungus (D:4)
  A plant (D:2)
2 creatures vanquished.

Grand Total: 285 creatures vanquished

Notes
Turn   | Place    | Note
-------+----------+-------------------------------------------
     0 | D:1      | scionoferis the Djinni Reaver began the quest for the Orb.
     0 | D:1      | scionoferis set off with the following spells memorised:
                  | Kiss of Death, Momentum Strike, Hailstorm.
     0 | D:1      | Reached XP level 1. HP: 18/18 MP: 0/0
   117 | D:1      | Reached XP level 2. HP: 17/23 MP: 0/0
   174 | D:1      | Reached skill level 3 in Long Blades
   265 | D:1      | Reached XP level 3. HP: 28/28 MP: 0/0
   265 | D:1      | Learned a level 1 spell: Freeze
   826 | D:2      | Reached XP level 4. HP: 33/33 MP: 0/0
  1408 | D:2      | Found a glowing silver altar of Zin.
  1632 | D:2      | Found a faded altar of an unknown god.
  1834 | D:3      | Reached XP level 5. HP: 37/38 MP: 0/0
  1834 | D:3      | Learned a level 2 spell: Ensorcelled Hibernation
  1950 | D:3      | Reached skill level 4 in Long Blades
  2487 | D:4      | Reached skill level 1 in Armour
  2487 | D:4      | Reached XP level 6. HP: 43/43 MP: 0/0
  2494 | D:4      | Noticed an ice beast
  2502 | D:4      | Killed an ice beast
  2522 | D:4      | Noticed Pikel
  2578 | D:4      | Killed Pikel
  2579 | D:4      | Reached skill level 5 in Long Blades
  2579 | D:4      | Reached XP level 7. HP: 12/49 MP: 0/0
  2579 | D:4      | Learned a level 3 spell: Teleport Other
  2579 | D:4      | Reached XP level 8. HP: 14/54 MP: 0/0
  2788 | D:4      | Reached skill level 5 in Spellcasting
  2803 | D:4      | Noticed Eustachio
  2865 | D:4      | Killed Eustachio
  2866 | D:4      | Reached skill level 6 in Long Blades
  3109 | D:4      | Found a runed translucent door.
  3110 | D:4      | Noticed Crazy Yiuf
  3213 | D:4      | Killed Crazy Yiuf
  3258 | D:5      | Entered Level 5 of the Dungeon
  3266 | D:5      | Found a hide-covered altar of Uskayaw.
  3445 | D:5      | Found a staircase to the Ecumenical Temple.
  3459 | Temple   | Entered the Ecumenical Temple
  3612 | Temple   | Became a worshipper of Elyvilon the Healer
  3639 | D:5      | Reached XP level 9. HP: 36/58 MP: 0/0
  3639 | D:5      | Learned a level 4 spell: Animate Dead
  3640 | D:5      | Reached skill level 1 in Invocations
  3641 | D:5      | Identified the +7 spear of Tortured Conscience {spect,
                  | Will- Int+4 SInv}
  3783 | D:5      | Noticed Ijyb
  3799 | D:5      | Killed Ijyb
  4016 | D:5      | Reached skill level 7 in Long Blades
  4089 | D:5      | Reached * piety under Elyvilon
  4382 | D:6      | Noticed Prince Ribbit
  4393 | D:6      | Killed Prince Ribbit
  4417 | D:6      | Found a shadowy altar of Dithmenos.
  4514 | D:6      | Noticed Dowan
  4514 | D:6      | Noticed Duvessa
  4525 | D:6      | Killed Dowan
  4746 | D:6      | Reached XP level 10. HP: 64/64 MP: 0/0
  4791 | D:6      | Identified the +2 ring mail of Itziebil {*Corrode rElec
                  | rC++ Dex+2}
  4870 | D:6      | Noticed Grinder
  4903 | D:5      | Killed Duvessa
  4982 | D:6      | Reached skill level 5 in Armour
  5074 | D:7      | Reached ** piety under Elyvilon
  5223 | D:7      | Reached skill level 8 in Long Blades
  5735 | D:7      | Reached skill level 5 in Invocations
  6255 | D:8      | Noticed a boulder beetle
  6268 | D:8      | Pacified a boulder beetle
  6540 | D:8      | Reached *** piety under Elyvilon
  6962 | D:8      | Reached XP level 11. HP: 68/68 MP: 0/0
  6962 | D:8      | Learned a level 4 spell: Ice Form
  6968 | D:8      | Reached skill level 9 in Long Blades
  6981 | D:9      | Found Ekidened's Antique Armour Shoppe.
  7170 | D:9      | Found a staircase to the Lair.
  7464 | D:9      | Found the +5 robe of Night {Dark Will+ SInv}
  7503 | D:9      | Reached **** piety under Elyvilon
  7953 | D:10     | Entered Level 10 of the Dungeon
  7953 | D:10     | Noticed a two-headed ogre
  7964 | D:10     | Killed a two-headed ogre
  8170 | D:10     | Found a runed translucent door.
  8171 | D:10     | Noticed HilariousDeathArtist's ghost (journeyman GnVM)
  8192 | D:10     | Found a flagged portal.
  8285 | Bailey   | Entered a bailey
  8475 | Bailey   | Reached skill level 10 in Long Blades
  8543 | Bailey   | Found the +8 demon blade "Leech" {vamp, Harm Drain rN+}
  8544 | Bailey   | Found a burning altar of Makhleb.
  8556 | Bailey   | Identified the +6 shortbow "Pendulum" {venom, rF+}
  8678 | D:10     | Identified a scroll of acquirement
  8679 | D:10     | Acquired the +0 hat "Jajapuw" {Dex+3}
  8748 | D:10     | Found a bloodstained altar of Trog.
  8752 | D:10     | Found a broken altar of Ashenzari.
  8947 | D:10     | Reached XP level 12. HP: 53/74 MP: 0/0
  9011 | D:10     | Found a burning altar of Makhleb.
  9104 | D:10     | Found a glowing silver altar of Zin.
  9233 | D:10     | Noticed a two-headed ogre
  9259 | D:10     | Killed a two-headed ogre
  9532 | D:10     | Killed HilariousDeathArtist's ghost
  9707 | D:11     | Noticed a boulder beetle
  9727 | D:11     | Slain by a boulder beetle

Illustrated notes

Levels and vault maps discovered:
D:1:      eino_arrival_cavern_b, layout_rooms
D:2:      kennysheep_six_static_rooms, layout_loops_corners, basic_altar,
          hellmonk_ecumenical_altar_crossroads, minmay_misc_feat_doors,
          serial_bayou_ford_a
D:3:      layout_rooms, st_stairs_9
D:4:      layout_basic, minmay_misc_feat_nine_boxes, uniq_crazy_yiuf_cottage,
          uniq_pikel, uniq_eustachio
D:5:      layout_gridville, nicolae_uskayaw_murder_on_the_dancefloor,
          temple_pool_b, uniq_ijyb
D:6:      cheibrodos_thug_alley, layout_gridville, lemuel_doored_altar,
          uniq_duvessa, uniq_prince_ribbit1, uniq_grinder
D:7:      layout_layer_cave
D:8:      layout_loops_cross
D:9:      layout_roguey, erik_lair_island, serial_shops, shop,
          chequers_serial_rivers_micro_e, hellmonk_guarded_unrand_night
D:10:     layout_grid_maze, mainiacjoe_overflow_alcove_4,
          grunt_temple_overflow_open, enter_bailey_8, gammafunk_ghost_grave
D:11:     gammafunk_cloud_chamber, layout_cave_pools, david_orc_3,
          gauntlet_entry_generic, uniq_gastronok
Temple:   nicolae_temple_bog_church

Skill      XL: |  1  2  3  4  5  6  7  8  9 10 11 12 |
---------------+-------------------------------------+-----
Long Blades    | 3 4 5 6 7 8 10 | 10.7
Spellcasting   | 3 4 5 6 7 8 9 |  9.0
Armour         | 1 2 3 4 5 7 |  7.5
Invocations    | 4 5 7 |  7.4
Fighting       | |  2.0
Dodging        | |  2.1

Action                   |  1- 3 |  4- 6 |  7- 9 | 10-12 || total
-------------------------+-------+-------+-------+-------++-------
Melee: Falchion          |    42 |    75 |    34 |       ||   151
       Rapier            |       |       |   139 |    43 ||   182
       Unarmed           |       |       |    20 |       ||    20
       Punch             |       |       |     3 |    12 ||    15
       Scimitar          |       |       |       |   347 ||   347
 Fire: Arbalest          |    50 |   101 |    74 |   103 ||   328
Throw: Dart              |       |       |     2 |     9 ||    11
 Cast: Kiss of Death     |       |     3 |       |       ||     3
       Hailstorm         |       |     2 |    38 |    46 ||    86
       Ensorcelled Hiber |       |       |     4 |       ||     4
       Teleport Other    |       |       |     3 |       ||     3
Invok: Heal Other        |       |       |       |     2 ||     2
       Heal Self         |       |       |       |    13 ||    13
  Use: Scroll            |       |     5 |     1 |    10 ||    16
       Potion            |       |     2 |     1 |     1 ||     4
 Stab: Sleeping          |       |       |     3 |       ||     3
Armor: Leather armour    |    34 |    34 |    47 |       ||   115
       Ring mail         |       |    33 |    53 |    85 ||   171
       Skin              |       |       |     4 |       ||     4
       Robe              |       |       |       |    78 ||    78
Dodge: Dodged            |    51 |    67 |   101 |   222 ||   441

Table legend: (Time is in decaauts)
 A = Elapsed time spent in this place.
 B = Non-inter-level travel time spent in this place.
 C = Inter-level travel time spent in this place.
 D = Time resting spent in this place.
 E = Time spent auto-exploring this place.
 F = Levels seen in this place.
 G = Mean time per level.
                   A        B        C        D        E       F      G
               +--------+--------+--------+--------+--------+-----+--------+
         Total |   9942 |   9390 |    552 |    440 |   6020 |  13 |  764.8 |
       Dungeon |   9470 |   8937 |    533 |    409 |   5819 |  11 |  860.9 |
        Temple |    159 |    140 |     19 |      0 |    126 |   1 |  159.0 |
        Bailey |    312 |    312 |      0 |     31 |     75 |   1 |  312.0 |
               +--------+--------+--------+--------+--------+-----+--------+

Top non-repeatable levels by time:
    D:10: 1318 daAuts
     D:2: 1164 daAuts
     D:7: 1100 daAuts
     D:9: 1090 daAuts
     D:5: 1031 daAuts
     D:4: 947 daAuts
     D:8: 852 daAuts
     D:1: 717 daAuts
     D:6: 632 daAuts
     D:3: 579 daAuts
  Bailey: 312 daAuts
  Temple: 159 daAuts
    D:11: 33 daAuts
